 Dungeon Crawl Stone Soup version 0.27-a0-1228-gfd60fd639a (webtiles) character file.

Game seed: 13427176061933253344

35 ZappyNine the Insei (level 3, -1/28 HPs)
             Began as a Gnoll Transmuter on June 7, 2021.
             Slain by an adder (2 damage)
             ... on level 3 of the Dungeon.
             The game lasted 00:01:10 (1543 turns).

ZappyNine the Insei (Gnoll Transmuter)              Turns: 1543, Time: 00:01:10

Health: -1/28      AC:  2    Str:  6 (9)  XL:     3   Next: 35%
Magic:  3/9        EV: 13    Int:  9 (12) God:
Gold:   26         SH:  0    Dex: 11 (13) Spells: 8/12 levels left

rFire    . . .     SeeInvis .   b - +3 dagger
rCold    . . .     Faith    .   (no shield)
rNeg     . . .     Spirit   .   a - +0 robe
rPois    .         Reflect  .   (no helmet)
rElec    .         Harm     .   (no cloak)
rCorr    .         Rampage  .   (no gloves)
Will     .....                  (no boots)
Stlth    +.........             (no amulet)
HPRegen  0.09/turn              (no ring)
MPRegen  0.11/turn              (no ring)

@: lethally poisoned (-1 -> -5), very slightly contaminated
A: fangs 1, strong nose, distributed training
a: no special abilities


You were on level 3 of the Dungeon.
You visited 1 branch of the dungeon, and saw 3 of its levels.

You collected 26 gold pieces.

Inventory:

Hand Weapons
 b - a +3 dagger (weapon)
Armour
 a - a +0 robe (worn)
Jewellery
 c - an amulet of magic regeneration
Scrolls
 e - a scroll of enchant weapon {unknown}
Potions
 d - 2 potions of degeneration
 f - 2 potions of berserk rage {unknown}
 g - a potion of magic {unknown}
 h - a potion of mutation {unknown}
 i - 2 potions of attraction {unknown}
 j - a potion of ambrosia {unknown}


   Skills:
 + Level 2.6 Fighting
 + Level 0.7 Short Blades
 + Level 0.7 Long Blades
 + Level 0.7 Axes
 + Level 0.7 Maces & Flails
 + Level 0.7 Polearms
 + Level 0.7 Staves
 + Level 0.7 Slings
 + Level 0.7 Bows
 + Level 0.7 Crossbows
 + Level 0.7 Throwing
 + Level 0.7 Armour
 + Level 4.5 Dodging
 + Level 0.7 Stealth
 + Level 0.7 Shields
 + Level 6.5 Unarmed Combat
 + Level 5.0 Spellcasting
 + Level 0.5 Conjurations
 + Level 0.5 Hexes
 + Level 0.5 Summonings
 + Level 0.5 Necromancy
 + Level 0.5 Translocations
 + Level 3.7 Transmutations
 + Level 0.5 Fire Magic
 + Level 0.5 Ice Magic
 + Level 0.5 Air Magic
 + Level 0.5 Earth Magic
 + Level 0.5 Poison Magic
 + Level 0.9 Invocations
 + Level 0.7 Evocations


You had 8 spell levels left.
You knew the following spells:

 Your Spells              Type           Power      Damage    Failure   Level
a - Beastly Appendage     Tmut           18%        N/A       5%          1
b - Spider Form           Tmut/Pois      3%         N/A       30%         3

Your spell library contained the following spells:

 Spells                   Type           Power      Damage    Failure   Level
 Wereblood                Tmut           9%         N/A       8%          2
 Magic Dart               Conj           12%        1d3       21%         1
 Blink                    Tloc           N/A        N/A       30%         2
 Call Imp                 Summ           3%         N/A       30%         2
 Slow                     Hex            3%         N/A       30%         2
 Conjure Flame            Conj/Fire      3%         6-21      52%         3
 Mephitic Cloud           Conj/Pois/Air  3%         N/A       52%         3
 Ice Form                 Ice/Tmut       6%         N/A       71%         4
 Hydra Form               Tmut           4%         N/A       82%         5


Dungeon Overview and Level Annotations

Branches:
Dungeon (2/15)

Altars:


Innate Abilities, Weirdness & Mutations

You have very sharp teeth.
Your uncanny sense of smell can sniff out nearby items.
Your experience applies equally to all skills.


Message History

You are too injured to fight recklessly!
You are too injured to fight recklessly!
You are too injured to fight recklessly!
You barely miss the adder. The adder barely misses you.
You hit the adder.
The adder is lightly wounded.
The adder bites you.
You closely miss the adder.
The adder is lightly wounded.
The adder bites you but does no damage. The adder misses you.
You miss the adder. The adder misses you.
You hit the adder. Your punch misses the adder.
The adder is lightly wounded.
The adder misses you.
You miss the adder.
The adder is lightly wounded.
The adder bites you but does no damage.
You hit the adder.
The adder is heavily wounded.
The adder bites you. x2
* * * LOW HITPOINT WARNING * * *
You miss the adder. You bite the adder, but do no damage.
The adder is heavily wounded.
The adder closely misses you.
You miss the adder. Your bite misses the adder.
The adder is heavily wounded.
The adder barely misses you.
You hit the adder. You bite the adder, but do no damage.
The adder is severely wounded.
The adder bites you.
* * * LOW HITPOINT WARNING * * *
You are lethally poisoned!
The adder poisons you! The adder bites you.
* * * LOW HITPOINT WARNING * * *
It was a potion of degeneration.
There was something very wrong with that liquid.
You feel weakened.
You feel dopey.
You feel clumsy.
* * * LOW HITPOINT WARNING * * *
You feel sick. The adder bites you.
You die...

#.... ...... #
...... #.##.###.
...... #..........
......####..........
........##.##..##...
......S.............
.#####.@#.......#..#
.#[??#..#...........
.#!($#...).#.......#
.#$!!#....#....#
.#####...###...#
.........# ###.#
.........# ...
########## ..# ..#


You could see an adder.

Vanquished Creatures
  A worm (D:3)
  A dart slug (D:1)
  3 bats (D:1)
  An endoplasm (D:1)
  5 goblins
  5 hobgoblins (D:1)
  3 jackals (D:1)
  2 kobolds
  A quokka (D:1)
  A ball python (D:1)
  2 frilled lizards
  2 rats
27 creatures vanquished.

Notes
Turn   | Place    | Note
-------+----------+-------------------------------------------
     0 | D:1      | ZappyNine the Gnoll Transmuter began the quest for the Orb.
     0 | D:1      | Reached XP level 1. HP: 17/17 MP: 6/6
   308 | D:1      | Reached XP level 2. HP: 20/23 MP: 5/7
   533 | D:1      | Found a faded altar of an unknown god.
   906 | D:1      | Reached XP level 3. HP: 25/28 MP: 9/9
  1073 | D:1      | Reached skill level 5 in Spellcasting
  1505 | D:2      | You fall into a shaft and drop 1 floor!
  1510 | D:3      | Learned a level 3 spell: Spider Form
  1543 | D:3      | HP: 1/28 [poisoned by an adder]
  1543 | D:3      | Slain by an adder

Illustrated notes

Levels and vault maps discovered:
D:1:      lemuel_arrival_lava_pool, layout_loops_ring,
          ebering_ecumenical_altar_mist, serial_bayou_pond_d
D:2:      layout_loops_corners, basic_altar, grunt_decor_junction
D:3:      layout_basic, nicolae_vehumet_radiance, marbit_many_paths,
          nicolae_overflow_hidden_temple, due_unseen_surprise

Skill      XL: |  1  2  3 |
---------------+----------+-----
Spellcasting   | 5 |  5.0
Fighting       | |  2.6
Short Blades   | |  0.7
Long Blades    | |  0.7
Axes           | |  0.7
Maces & Flails | |  0.7
Polearms       | |  0.7
Staves         | |  0.7
Slings         | |  0.7
Bows           | |  0.7
Crossbows      | |  0.7
Throwing       | |  0.7
Armour         | |  0.7
Dodging        | |  4.5
Stealth        | |  0.7
Shields        | |  0.7
Unarmed Combat | |  6.5
Conjurations   | |  0.5
Hexes          | |  0.5
Summonings     | |  0.5
Necromancy     | |  0.5
Translocations | |  0.5
Transmutations | |  3.7
Fire Magic     | |  0.5
Ice Magic      | |  0.5
Air Magic      | |  0.5
Earth Magic    | |  0.5
Poison Magic   | |  0.5
Invocations    | |  0.9
Evocations     | |  0.7

Action                   || total
-------------------------++-------
Melee: Unarmed           ||    15
       Dagger            ||    77
       Kick              ||     5
       Bite              ||     5
       Headbutt          ||     1
       Punch             ||     2
 Cast: Beastly Appendage ||     6
  Use: Potion            ||     1
 Stab: Sleeping          ||     1
Armor: Robe              ||    19
Dodge: Dodged            ||    56

Table legend: (Time is in decaauts)
 A = Elapsed time spent in this place.
 B = Non-inter-level travel time spent in this place.
 C = Inter-level travel time spent in this place.
 D = Time resting spent in this place.
 E = Time spent auto-exploring this place.
 F = Levels seen in this place.
 G = Mean time per level.
                   A        B        C        D        E       F      G
               +--------+--------+--------+--------+--------+-----+--------+
         Total |   1541 |   1522 |     19 |    193 |   1137 |   3 |  513.7 |
       Dungeon |   1541 |   1522 |     19 |    193 |   1137 |   3 |  513.7 |
               +--------+--------+--------+--------+--------+-----+--------+

Top non-repeatable levels by time:
     D:1: 1132 daAuts
     D:2: 371 daAuts
     D:3: 37 daAuts
